AoeStats
← Blyad _Mann

Fortress

510067557Analyzed
4v4 RM · 3d ago on Sep 29, 2026· 44m 25s· 8 players
Game mode
Random Map
Map size
Huge
Population
200
Speed
Normal
Resources
Standard
Victory
Conquest
Starting age
Dark Age
Ending age
Imperial Age
RankedLock teamsTeams togetherTeam positionsShared explorationLock speedFull tech treeHidden civsTurbo modeCheats
Victory
Defeat
🇳🇱 Varangians · Netherlands
911
+13
🇹🇷 Magyars · Türkiye
825
+16
🇨🇳 Saracens · China
819
+16
🇬🇧 Lithuanians · United Kingdom
784
+18
🇭🇰 Mongols · Hong Kong SAR China
921
-21
🇦🇺 Burgundians · Australia
919
-27
🇨🇳 Byzantines · China
748
-12
🇹🇷 Turks · Türkiye
722
-11
Benthebrit20
8:13 Feudal Age
9:02 Double-Bit Axe
8:59 Horse Collar
15:16 Castle Age
14:02 Stone Mining
17:35 Wheelbarrow
17:44 Loom
24:39 Gold Mining
29:13 Imperial Age
26:53 Heavy Plow
27:58 Forging
29:30 Iron Casting
29:01 Scale Barding Armor
29:21 Elite Leitis
30:22 Conscription
30:32 Chain Barding Armor
30:22 Husbandry
30:57 Bloodlines
36:30 Pikeman
39:01 Chemistry
38:14 Fortified Wall
38:36 Scale Mail Armor
ryioze
9:41 Feudal Age
13:59 Castle Age
12:05 Double-Bit Axe
12:02 Horse Collar
13:04 Stone Mining
16:39 Bow Saw
16:33 Heavy Plow
21:40 Corvinian Army
21:43 Gold Mining
24:03 Bloodlines
24:39 Scale Mail Armor
24:48 Scale Barding Armor
28:43 Imperial Age
26:52 Husbandry
28:06 Fletching
28:22 Padded Archer Armor
28:49 Thumb Ring
29:14 Bodkin Arrow
29:44 Chain Barding Armor
30:16 Gold Shaft Mining
30:06 Loom
30:57 Wheelbarrow
30:06 Heavy Cavalry Archer
30:51 Recurve Bow
32:03 Parthian Tactics
32:25 Leather Archer Armor
32:17 Elite Magyar Huszar
33:42 Bracer
34:20 Plate Barding Armor
34:35 Ring Archer Armor
35:23 Hand Cart
34:53 Town Watch
36:39 Chemistry
36:01 Ballistics
37:46 Town Patrol
43:13 Treadmill Crane
43:38 Siege Engineers
43:44 Masonry
43:29 Murder Holes
43:27 Guard Tower
Blyad _Mann
0:28 Loom
8:55 Feudal Age
9:16 Horse Collar
9:22 Double-Bit Axe
14:04 Castle Age
12:22 Forging
12:22 Scale Mail Armor
12:21 Gold Mining
12:43 Scale Mail Armor
16:48 Wheelbarrow
16:30 Squires
18:48 Iron Casting
20:05 Heavy Plow
23:03 Bow Saw
26:59 Imperial Age
25:45 Chain Mail Armor
26:08 Hand Cart
27:05 Gothikon
28:06 Conscription
28:42 Elite Varangian Guard
31:29 Blast Furnace
31:40 Plate Mail Armor
38:47 Gambesons
40:35 Vendel Legacy
41:24 Scale Barding Armor
41:36 Cavalier
42:18 Husbandry
42:42 Chain Barding Armor
42:41 Bloodlines
俺讨厌种田
7:21 Feudal Age
11:52 Castle Age
10:05 Horse Collar
10:56 Double-Bit Axe
12:03 Loom
31:00 Imperial Age
29:12 Bloodlines
29:02 Husbandry
28:37 Elite Skirmisher
30:44 Scale Barding Armor
30:49 Forging
31:21 Caravan
33:12 Elite Mameluke
33:46 Light Cavalry
35:45 Hussar
37:07 Counterweights
39:28 Thumb Ring
44:42 Scale Mail Armor
45:17 Iron Casting
45:02 Chain Barding Armor
44:42 Padded Archer Armor
44:32 Fletching
Dmitry Petrovich
12:58 Feudal Age
11:20 Loom
13:05 Feudal Age
18:45 Gold Mining
18:49 Stone Mining
18:42 Horse Collar
18:53 Double-Bit Axe
23:14 Castle Age
22:43 Fletching
22:54 Padded Archer Armor
24:25 Caravan
24:57 Coinage
24:41 Heavy Plow
27:14 Imperial Age
25:37 Bodkin Arrow
25:57 Leather Archer Armor
29:52 Murder Holes
30:08 Fortified Wall
29:39 Treadmill Crane
30:11 Masonry
34:18 Wheelbarrow
33:28 Town Watch
39:06 Elite Janissary
40:22 Ring Archer Armor
43:32 Bracer
Enigmaher
6:03 Feudal Age
5:35 Double-Bit Axe
5:43 Horse Collar
14:26 Castle Age
15:17 Burgundian Vineyards
17:25 Bow Saw
17:39 Heavy Plow
24:23 Two-Man Saw
29:03 Imperial Age
26:22 Loom
27:18 Fletching
27:40 Forging
28:16 Wheelbarrow
28:05 Gold Mining
28:12 Stone Mining
29:05 Town Watch
29:08 Loom
29:50 Scale Barding Armor
30:16 Husbandry
30:49 Conscription
31:00 Conscription
33:01 Scale Mail Armor
33:37 Iron Casting
33:43 Crop Rotation
33:53 Gold Shaft Mining
33:54 Stone Shaft Mining
33:41 Chain Barding Armor
36:55 Blast Furnace
36:11 Chain Mail Armor
35:18 Elite Coustillier
36:06 Squires
35:53 Arson
36:53 Pikeman
39:17 Plate Mail Armor
39:22 Plate Barding Armor
40:39 Halberdier
聖君阿耀
0:30 Loom
9:13 Feudal Age
11:52 Wheelbarrow
14:29 Castle Age
12:50 Double-Bit Axe
12:47 Horse Collar
13:19 Fletching
16:23 Bloodlines
16:33 Town Watch
16:53 Padded Archer Armor
17:33 Bodkin Arrow
20:51 Gold Mining
28:41 Hand Cart
28:37 Heavy Plow
28:51 Bow Saw
32:36 Imperial Age
30:52 Leather Archer Armor
30:39 Husbandry
31:20 Caravan
31:33 Nomads
33:41 Conscription
33:10 Elite Mangudai
33:52 Bracer
35:05 Parthian Tactics
36:18 Chemistry
35:39 Ballistics
35:15 Murder Holes
36:40 Hoardings
怎么就违规了
8:56 Feudal Age
9:33 Loom
10:17 Double-Bit Axe
13:09 Castle Age
12:22 Forging
14:00 Bow Saw
13:32 Horse Collar
19:15 Wheelbarrow
19:25 Wheelbarrow
23:53 Imperial Age
22:51 Scale Barding Armor
24:16 Hand Cart
24:57 Iron Casting
24:53 Gold Mining
26:38 Scale Mail Armor
26:54 Capped Ram
28:42 Chemistry
29:08 Fortified Wall
29:31 Heavy Plow
30:33 Two-Man Saw
30:06 Chain Barding Armor
30:24 Fortified Wall
32:02 Conscription
31:38 Heavy Camel Rider
32:54 Treadmill Crane
34:52 Plate Barding Armor
34:59 Gold Shaft Mining
35:23 Ballistics
35:38 Fletching
Connection lost

Rejoining the realm…

Still unreachable

The connection could not be restored.

Session expired

The server has moved on; the page needs a fresh start.